 Dungeon Crawl Stone Soup version 0.31-a0-152-g6aa68a64a1 (webtiles) character file.

Game seed: 12712514743946652013

12419 qw the Cleaver (level 11, -4/71 HPs)
             Began as a Gargoyle Fighter on June 10, 2023.
             Was a Priest of Okawaru.
             Slain by Erica
             ... wielding a +3 scimitar of flaming
              (9 damage)
             ... on level 1 of the Lair of Beasts.
             The game lasted 00:05:14 (9526 turns).

qw the Cleaver (Gargoyle Fighter)                   Turns: 9526, Time: 00:05:14

Health: -4/71      AC: 25    Str: 23    XL:     11   Next: 93%
Magic:  14/14      EV: 11    Int: 10    God:    Okawaru [***...]
Gold:   842        SH: 15    Dex:  9    Spells: 10/10 levels left

rFire   . . .        o - +0 war axe (vamp)
rCold   + . .        f - +0 kite shield
rNeg    + . .        r - +0 plate armour
rPois   inf          (no helmet)
rElec   +            q - +0 cloak
rCorr   .            u - +0 pair of gloves
SInv    .            n - +0 pair of boots
Will    .....        e - amulet of reflection Stlth
                     b - ring of protection from cold
HPRegen 0.31/turn    p - +5 ring of evasion
MPRegen 0.14/turn

%: reflection
@: slowed, very slow
A: sickness immunity, AC +8, negative energy resistance 1, electricity
resistance, torment resistance 1, petrification resistance
a: Renounce Religion, Heroism


You were on level 1 of the Lair of Beasts.
You worshipped Okawaru.
Okawaru was most pleased with you.
You visited 2 branches of the dungeon, and saw 11 of its levels.

You collected 842 gold pieces.


Innate Abilities, Weirdness & Mutations

You are immune to sickness and miasma.
Your stone body is resilient. (AC +8)
You are immune to poison.
You resist negative energy. (rN+)
You are resistant to electric shocks. (rElec)
You are resistant to unholy torment.
You are immune to petrification.


   Skills:
 - Level 9.1 Fighting
 + Level 11.0 Axes
 - Level 3.0 Throwing
 - Level 8.2 Armour
 - Level 2.0 Dodging
 - Level 10.0 Shields
 - Level 4.0 Invocations


You had 10 spell levels left.
You didn't know any spells.
Your spell library was empty.

Inventory:

Hand Weapons
 a - a +0 morningstar
 o - a +0 vampiric war axe (weapon)
 v - a +0 broad axe
Missiles
 h - 17 boomerangs
 s - 2 silver boomerangs (quivered)
Armour
 f - a +0 kite shield (worn)
 n - a +0 pair of boots (worn)
 q - a +0 cloak (worn)
 r - a +0 plate armour (worn)
 u - a +0 pair of gloves (worn)
Jewellery
 b - a ring of protection from cold (left hand)
 e - an amulet of reflection (around neck)
 g - a ring of ice
 p - a +5 ring of evasion (right hand)
Wands
 k - a wand of digging (11)
Scrolls
 j - 6 scrolls of identify
 l - 2 scrolls of teleportation
 w - a scroll of magic mapping {unknown}
Potions
 c - 2 potions of haste
 d - 2 potions of might
 i - 5 potions of heal wounds
 m - 2 potions of mutation

Dungeon Overview and Level Annotations

Branches:
Dungeon (10/15)            Temple (0/1) D:5            Lair (1/5) D:10
    Orc (0/2) D:9

Altars:
Ashenzari
Cheibriados
Gozag
Hepliaklqana
Kikubaaqudgha
Okawaru
Qazlal
Sif Muna
Vehumet
Wu Jian
Yredelemnul
Zin
The Shining One

Shops:
D:7 :   D:9 *

Annotations:
D:4 1 runed translucent door, Crazy Yiuf
Lair:1 Erica


Message History

Something tries to affect you, but you resist.
You hear some strange, mumbled words.
A bolt of poison appears from out of thin air!
The bolt of poison hits you but does no damage.
You resist.
You closely miss something. Something hits you but does no damage.
You barely miss something.
You hear some strange, mumbled words.
Something tries to affect you, but you resist.
Something hits you. Something burns you.
You slash something!
You feel better.
You hear some strange, mumbled words.
A bolt of poison appears from out of thin air!
The bolt of poison misses you. Something hits you! Something burns you.
You barely miss something.
You hear some strange, mumbled words.
A bolt of poison appears from out of thin air!
The bolt of poison hits you but does no damage.
You resist.
You slash something!
Something hits you but does no damage. x2
You slash something! Something hits you but does no damage.
You barely miss something. Something hits you but does no damage.
You hear some strange, mumbled words.
Something tries to affect you, but you resist.
You closely miss something.
You hear some strange, mumbled words.
A lance of force appears from out of thin air!
The lance of force hits you!
You are knocked back by the lance of force.
You slam into the rock wall!
Something tries to affect you, but you resist.
You swing at nothing.
You swing at nothing.
You swing at nothing.
Something hits you!
You die...

#.###...## .....#
#.%.....# ......
#.###...# .....#
#.###P.## .....#
#..###.## .....#
##.###P..###......
#.................
##.......%........
#@{......%........
##...#######......
##..######## ..###
#..........# .7
#P.##......# .7
##.##......# ..
#.#.......# .
##.##....^.#
#P.##......#


There were no monsters in sight!

Vanquished Creatures
  A two-headed ogre (D:10)
  3 death yaks (Lair:1)
  Pikel (D:7)
  Maggie (D:8)
  A gargoyle (D:10)
  2 cane toads (Lair:1)
  A komodo dragon (Lair:1)
  3 hornets
  Prince Ribbit (D:7)
  3 blink frogs (Lair:1)
  Sigmund (D:6)
  3 wyverns
  8 yaks
  4 water moccasins
  Edmund (D:5)
  Duvessa (D:6)
  9 orc warriors
  3 black bears
  2 ice beasts (D:7)
  3 ogres
  3 centaurs
  A phantom (D:4)
  11 bullfrogs
  3 kobold brigands
  A gnoll sergeant (D:8)
  2 scorpions
  A wight (D:7)
  Dowan (D:6)
  7 killer bees
  An electric eel (Lair:1)
  2 howler monkeys
  3 hounds
  3 jellies
  10 orc priests
  Ijyb (D:5)
  A sleepcap (D:5)
  Terence (D:2)
  2 iguanas (D:5)
  13 orc wizards
  3 adders
  7 gnolls
  2 white imps
  3 worms
  A dart slug (D:1)
  38 orcs
  3 ball pythons
  2 bats
  6 endoplasms
  2 giant cockroaches
  4 goblins
  6 hobgoblins
  4 jackals (D:1)
  18 kobolds
  2 quokkas
  A frilled lizard (D:3)
  4 rats
225 creatures vanquished.

Notes
Turn   | Place    | Note
-------+----------+-------------------------------------------
     0 | D:1      | qw the Gargoyle Fighter began the quest for the Orb.
     0 | D:1      | Reached XP level 1. HP: 14/14 MP: 1/1
     0 | D:1      | 0 ||| qw: Version: 0.2-a-123-gb51047a
     0 | D:1      | 0 ||| qw: Game counter: 3697
     0 | D:1      | 0 ||| qw: Always use a shield: true
     0 | D:1      | 0 ||| qw: God list: Okawaru
     0 | D:1      | 0 ||| qw: Allow faded altars: false
     0 | D:1      | 0 ||| qw: Do Orc after D:15 true
     0 | D:1      | 0 ||| qw: Do second Lair branch before Depths: true
     0 | D:1      | 0 ||| qw: Lair rune preference: random
     0 | D:1      | 0 ||| qw: Plans: Normal, Zot:1-4, Slime:5, God:TSO, Crypt,
                  | Tomb, Abyss, Pan, Hells, Win
     0 | D:1      | 0 ||| PLANNING D:1-11
    64 | D:1      | Reached skill level 2 in Axes
   294 | D:1      | 294 ||| Stepping ~*~*~tactically~*~*~ (stealth).
   303 | D:1      | Reached XP level 2. HP: 18/19 MP: 2/2
   324 | D:1      | 324 ||| Stepping ~*~*~tactically~*~*~ (stealth).
   358 | D:1      | 358 ||| Stepping ~*~*~tactically~*~*~ (hiding).
   587 | D:1      | 587 ||| DROPPING +0 club.
   714 | D:1      | 714 ||| Stepping ~*~*~tactically~*~*~ (stealth).
   967 | D:1      | 967 ||| READING 2 scrolls labelled CYNIOT QICUTICEMA.
   968 | D:1      | 968 ||| READING scroll labelled YPNEODGHEXTE.
   969 | D:1      | 969 ||| READING scroll labelled QEANOS ZIROL.
   970 | D:1      | 970 ||| READING scroll labelled GUASIUG WAODD.
   971 | D:1      | 971 ||| READING scroll labelled CIGIAP LAEDIQ.
   975 | D:1      | 975 ||| DRINKING 3 amethyst potions.
   976 | D:1      | 976 ||| DRINKING 2 glowing golden potions.
  1081 | D:1      | 1081 ||| DROPPING scroll of poison.
  1082 | D:1      | 1082 ||| DROPPING potion of berserk rage.
  1164 | D:2      | Noticed Terence
  1167 | D:2      | 1167 ||| Stepping ~*~*~tactically~*~*~ (stealth).
  1173 | D:2      | Killed Terence
  1174 | D:2      | Reached skill level 3 in Axes
  1174 | D:2      | Reached XP level 3. HP: 13/23 MP: 3/3
  1215 | D:2      | 1215 ||| DROPPING +0 mace.
  1369 | D:2      | 1369 ||| Stepping ~*~*~tactically~*~*~ (stealth).
  1372 | D:2      | 1372 ||| Stepping ~*~*~tactically~*~*~ (stealth).
  1382 | D:2      | Reached XP level 4. HP: 28/28 MP: 4/4
  1432 | D:2      | 1432 ||| Stepping ~*~*~tactically~*~*~ (stealth).
  1444 | D:2      | Reached skill level 4 in Axes
  1668 | D:2      | 1668 ||| UPGRADING to +0 chain mail.
  1678 | D:2      | 1678 ||| DROPPING +0 scale mail.
  1679 | D:2      | 1679 ||| READING scroll labelled COOZECK QOESH.
  1780 | D:2      | 1780 ||| READING scroll labelled LAKLOZEBUN.
  1976 | D:3      | 1976 ||| Stepping ~*~*~tactically~*~*~ (stealth).
  2065 | D:3      | Found an iron altar of Okawaru.
  2066 | D:3      | 2066 ||| PLANNING OKAWARU WORSHIP
  2066 | D:3      | 2066 ||| UPGRADING to ring of protection from cold.
  2067 | D:3      | 2067 ||| READING scroll labelled KALABEEGIM.
  2068 | D:3      | 2068 ||| READING 2 scrolls of identify.
  2068 | D:3      | 2068 ||| IDENTIFYING lumpy sapphire potion
  2069 | D:3      | 2069 ||| DROPPING potion of invisibility.
  2070 | D:3      | Found an ancient bone altar of Kikubaaqudgha.
  2077 | D:3      | Became a worshipper of Warmaster Okawaru
  2077 | D:3      | 2077 ||| PLANNING D:1-11
  2319 | D:3      | Found a faded altar of an unknown god.
  2695 | D:3      | 2695 ||| DROPPING +0 ring mail of poison resistance.
  2729 | D:4      | 2729 ||| Stepping ~*~*~tactically~*~*~ (hiding).
  2737 | D:4      | HP: 6/28 [goblin/+0 club (4)]
  2738 | D:4      | 2738 ||| DRINKING 3 potions of heal wounds.
  2744 | D:4      | Reached XP level 5. HP: 19/32 MP: 5/5
  2916 | D:4      | Found a radiant altar of Vehumet.
  2932 | D:4      | 2932 ||| READING scroll labelled DOSEAT GUIG.
  2933 | D:4      | 2933 ||| READING 2 scrolls of identify.
  2933 | D:4      | 2933 ||| IDENTIFYING fuming puce potion
  2934 | D:4      | 2934 ||| DROPPING potion of degeneration.
  2948 | D:4      | Reached skill level 5 in Axes
  3082 | D:4      | Found a runed translucent door.
  3083 | D:4      | Noticed Crazy Yiuf
  3151 | D:4      | Noticed a phantom
  3162 | D:4      | Killed a phantom
  3162 | D:4      | Reached * piety under Okawaru
  3163 | D:4      | Reached XP level 6. HP: 32/39 MP: 6/6
  3290 | D:4      | Found a glowing golden altar of the Shining One.
  3292 | D:4      | Noticed an angel
  3471 | D:4      | Found a basalt altar of Yredelemnul.
  3473 | D:4      | Noticed a profane servitor
  3608 | D:5      | Entered Level 5 of the Dungeon
  3648 | D:5      | Found a staircase to the Ecumenical Temple.
  3661 | D:5      | 3661 ||| INVOKING Heroism.
  3720 | D:5      | Noticed Edmund
  3721 | D:5      | 3721 ||| INVOKING Heroism.
  3731 | D:5      | 3731 ||| INVOKING Heroism.
  3735 | D:5      | Killed Edmund
  3736 | D:5      | Reached skill level 6 in Axes
  3736 | D:5      | Reached skill level 1 in Invocations
  3736 | D:5      | Reached XP level 7. HP: 26/44 MP: 3/8
  3743 | D:5      | 3743 ||| INVOKING Heroism.
  3852 | D:5      | 3852 ||| Stepping ~*~*~tactically~*~*~ (stealth).
  3861 | D:5      | 3861 ||| Stepping ~*~*~tactically~*~*~ (hiding).
  3907 | D:5      | Noticed Ijyb
  3908 | D:5      | 3908 ||| INVOKING Heroism.
  3914 | D:5      | Killed Ijyb
  4096 | D:5      | 4096 ||| FLEEEEING.
  4097 | D:5      | 4097 ||| FLEEEEING.
  4174 | D:5      | Found a shimmering blue altar of Sif Muna.
  4250 | D:5      | 4250 ||| INVOKING Heroism.
  4259 | D:5      | Reached skill level 3 in Invocations
  4347 | D:5      | Reached XP level 8. HP: 48/48 MP: 10/10
  4378 | D:5      | 4378 ||| DROPPING scarf of invisibility.
  4379 | D:5      | 4379 ||| READING scroll labelled EZIAXI LUROORGH.
  4380 | D:5      | 4380 ||| READING 5 scrolls of identify.
  4380 | D:5      | 4380 ||| IDENTIFYING ruby potion
  4477 | D:6      | 4477 ||| Stepping ~*~*~tactically~*~*~ (hiding).
  4480 | D:6      | 4480 ||| INVOKING Heroism.
  4573 | D:6      | 4573 ||| Stepping ~*~*~tactically~*~*~ (hiding).
  4694 | D:6      | 4694 ||| Stepping ~*~*~tactically~*~*~ (stealth).
  4695 | D:6      | 4695 ||| INVOKING Heroism.
  4700 | D:6      | Reached skill level 7 in Axes
  4757 | D:6      | Noticed Sigmund
  4758 | D:6      | 4758 ||| INVOKING Heroism.
  4773 | D:6      | Killed Sigmund
  4819 | D:6      | 4819 ||| INVOKING Heroism.
  4832 | D:6      | Reached skill level 8 in Axes
  4847 | D:6      | 4847 ||| INVOKING Heroism.
  4849 | D:6      | Reached XP level 9. HP: 34/55 MP: 9/12
  4852 | D:6      | Reached skill level 6 in Fighting
  4969 | D:6      | Found a hazy altar of Hepliaklqana.
  5049 | D:6      | 5049 ||| INVOKING Heroism.
  5094 | D:6      | Found a snail-covered altar of Cheibriados.
  5211 | D:6      | Noticed Duvessa
  5211 | D:6      | Noticed Dowan
  5212 | D:6      | 5212 ||| INVOKING Heroism.
  5219 | D:6      | Killed Duvessa
  5228 | D:6      | Killed Dowan
  5331 | D:6      | 5331 ||| UPGRADING to +0 kite shield.
  5341 | D:6      | 5341 ||| DROPPING +0 buckler.
  5342 | D:6      | 5342 ||| READING 4 scrolls of identify.
  5342 | D:6      | 5342 ||| IDENTIFYING dark potion
  5343 | D:6      | 5343 ||| DROPPING potion of enlightenment.
  5460 | D:7      | Found an opulent altar of Gozag.
  5517 | D:7      | Noticed Prince Ribbit
  5518 | D:7      | 5518 ||| INVOKING Heroism.
  5522 | D:7      | Killed Prince Ribbit
  5679 | D:7      | 5679 ||| Stepping ~*~*~tactically~*~*~ (stealth).
  5683 | D:7      | 5683 ||| Stepping ~*~*~tactically~*~*~ (stealth).
  5684 | D:7      | 5684 ||| Stepping ~*~*~tactically~*~*~ (hiding).
  5688 | D:7      | 5688 ||| INVOKING Heroism.
  5692 | D:7      | Reached skill level 6 in Shields
  5695 | D:7      | 5695 ||| Stepping ~*~*~tactically~*~*~ (stealth).
  5711 | D:7      | 5711 ||| Stepping ~*~*~tactically~*~*~ (hiding).
  5715 | D:7      | 5715 ||| INVOKING Heroism.
  5727 | D:7      | 5727 ||| Stepping ~*~*~tactically~*~*~ (stealth).
  5731 | D:7      | 5731 ||| Stepping ~*~*~tactically~*~*~ (stealth).
  5732 | D:7      | 5732 ||| Stepping ~*~*~tactically~*~*~ (stealth).
  5741 | D:7      | 5741 ||| INVOKING Heroism.
  5758 | D:7      | 5758 ||| SWAPPING to +0 vampiric war axe.
  5832 | D:7      | 5832 ||| INVOKING Heroism.
  5926 | D:7      | Noticed Pikel
  5926 | D:7      | 5926 ||| INVOKING Heroism.
  5935 | D:7      | Killed Pikel
  5935 | D:7      | Reached ** piety under Okawaru
  5936 | D:7      | Reached XP level 10. HP: 45/60 MP: 11/13
  6011 | D:7      | Found Icirac's Tremendous Tomes.
  6083 | D:7      | 6083 ||| Stepping ~*~*~tactically~*~*~ (stealth).
  6084 | D:7      | 6084 ||| INVOKING Heroism.
  6148 | D:7      | 6148 ||| DROPPING +0 ring mail of fire resistance.
  6149 | D:7      | 6149 ||| UPGRADING to +0 pair of boots.
  6154 | D:7      | 6154 ||| UPGRADING to +0 plate armour.
  6164 | D:7      | 6164 ||| DROPPING +0 chain mail.
  6165 | D:7      | 6165 ||| DRINKING 2 bubbling coppery potions.
  6210 | D:8      | 6210 ||| STAIRDANCE
  6213 | D:7      | 6213 ||| INVOKING Heroism.
  6246 | D:8      | 6246 ||| STAIRDANCE
  6399 | D:8      | 6399 ||| Stepping ~*~*~tactically~*~*~ (hiding).
  6400 | D:8      | 6400 ||| Stepping ~*~*~tactically~*~*~ (hiding).
  6415 | D:8      | Noticed Maggie
  6433 | D:8      | 6433 ||| INVOKING Heroism.
  6441 | D:8      | Killed Maggie
  6442 | D:8      | Reached skill level 9 in Axes
  6444 | D:8      | 6444 ||| Stepping ~*~*~tactically~*~*~ (stealth).
  6457 | D:8      | 6457 ||| Stepping ~*~*~tactically~*~*~ (stealth).
  6496 | D:8      | Found a broken altar of Ashenzari.
  6693 | D:8      | 6693 ||| DRINKING potion of curing.
  6693 | D:8      | 6693 ||| (to cure confusion)
  6694 | D:8      | 6694 ||| INVOKING Heroism.
  6808 | D:8      | 6808 ||| READING scroll labelled ZIMONT WYFYG.
  6809 | D:8      | 6809 ||| DRINKING 2 fizzy pink potions.
  6813 | D:8      | 6813 ||| READING 4 scrolls of identify.
  6813 | D:8      | 6813 ||| IDENTIFYING emerald potion
  6814 | D:8      | 6814 ||| DROPPING potion of ambrosia.
  6820 | D:8      | 6820 ||| Stepping ~*~*~tactically~*~*~ (hiding).
  6823 | D:8      | 6823 ||| Stepping ~*~*~tactically~*~*~ (hiding).
  6861 | D:9      | Found a glowing silver altar of Zin.
  6905 | D:9      | 6905 ||| Stepping ~*~*~tactically~*~*~ (stealth).
  6907 | D:9      | 6907 ||| Stepping ~*~*~tactically~*~*~ (hiding).
  6914 | D:9      | 6914 ||| Stepping ~*~*~tactically~*~*~ (hiding).
  6965 | D:9      | Found a stormy altar of Qazlal.
  7030 | D:9      | 7030 ||| INVOKING Heroism.
  7143 | D:9      | Found Arphiol's Elemental Accessories.
  7179 | D:9      | 7179 ||| Stepping ~*~*~tactically~*~*~ (hiding).
  7187 | D:9      | Reached skill level 6 in Armour
  7339 | D:9      | 7339 ||| Stepping ~*~*~tactically~*~*~ (hiding).
  7341 | D:9      | 7341 ||| INVOKING Heroism.
  7347 | D:9      | Reached skill level 9 in Shields
  7385 | D:9      | Found a staircase to the Orcish Mines.
  7392 | D:9      | 7392 ||| Stepping ~*~*~tactically~*~*~ (hiding).
  7395 | D:9      | 7395 ||| INVOKING Heroism.
  7415 | D:9      | 7415 ||| Stepping ~*~*~tactically~*~*~ (stealth).
  7417 | D:9      | 7417 ||| Stepping ~*~*~tactically~*~*~ (hiding).
  7423 | D:9      | 7423 ||| INVOKING Heroism.
  7474 | D:9      | 7474 ||| Stepping ~*~*~tactically~*~*~ (stealth).
  7480 | D:9      | 7480 ||| Stepping ~*~*~tactically~*~*~ (stealth).
  7768 | D:9      | 7768 ||| UPGRADING to +0 cloak.
  7773 | D:9      | 7773 ||| UPGRADING to +0 pair of gloves.
  7778 | D:9      | 7778 ||| READING scroll labelled RUDAOS SOLOSU.
  7779 | D:9      | 7779 ||| READING scroll labelled ALICETWI RAUT.
  7804 | D:10     | Entered Level 10 of the Dungeon
  7870 | D:10     | Reached skill level 10 in Axes
  7939 | D:10     | Noticed a gargoyle
  7944 | D:10     | 7944 ||| INVOKING Heroism.
  7950 | D:10     | Killed a gargoyle
  7963 | D:10     | Reached *** piety under Okawaru
  7964 | D:10     | Reached XP level 11. HP: 57/67 MP: 14/14
  7979 | D:10     | 7979 ||| Stepping ~*~*~tactically~*~*~ (stealth).
  8219 | D:10     | Noticed a two-headed ogre
  8220 | D:10     | 8220 ||| INVOKING Heroism.
  8221 | D:10     | 8221 ||| DROPPING +0 war axe of chaos.
  8231 | D:10     | Killed a two-headed ogre
  8453 | D:10     | Found a staircase to the Lair.
  8454 | D:10     | 8454 ||| INVOKING Heroism.
  8480 | D:10     | Found an ornate altar of the Wu Jian Council.
  8510 | D:10     | 8510 ||| PLANNING LAIR
  8510 | D:10     | 8510 ||| UPGRADING to amulet of reflection.
  8515 | D:10     | 8515 ||| UPGRADING to +5 ring of evasion.
  8531 | Lair:1   | Entered Level 1 of the Lair of Beasts
  8598 | Lair:1   | 8598 ||| INVOKING Heroism.
  8661 | Lair:1   | 8661 ||| INVOKING Heroism.
  8665 | Lair:1   | 8665 ||| Stepping ~*~*~tactically~*~*~ (stealth).
  8666 | Lair:1   | 8666 ||| Stepping ~*~*~tactically~*~*~ (stealth).
  8674 | Lair:1   | 8674 ||| INVOKING Heroism.
  8703 | Lair:1   | 8703 ||| INVOKING Heroism.
  8749 | Lair:1   | Reached skill level 11 in Axes
  8776 | Lair:1   | Reached skill level 3 in Throwing
  8839 | Lair:1   | 8839 ||| INVOKING Heroism.
  8854 | Lair:1   | 8854 ||| INVOKING Heroism.
  8854 | Lair:1   | Noticed Erica
  8855 | Lair:1   | 8855 ||| Stepping ~*~*~tactically~*~*~ (stealth).
  8883 | Lair:1   | 8883 ||| INVOKING Heroism.
  8885 | Lair:1   | HP: 14/69 [cane toad (13)]
  8886 | Lair:1   | 8886 ||| READING 4 scrolls of teleportation.
  8887 | Lair:1   | 8887 ||| DRINKING 7 potions of heal wounds.
  9154 | Lair:1   | 9154 ||| INVOKING Heroism.
  9223 | Lair:1   | 9223 ||| INVOKING Heroism.
  9311 | Lair:1   | Noticed a death yak
  9311 | Lair:1   | Noticed a death yak
  9312 | Lair:1   | 9312 ||| INVOKING Heroism.
  9313 | Lair:1   | Noticed a death yak
  9325 | Lair:1   | 9325 ||| INVOKING Heroism.
  9331 | Lair:1   | HP: 17/69 [death yak (15)]
  9332 | Lair:1   | 9332 ||| READING 3 scrolls of teleportation.
  9333 | Lair:1   | 9333 ||| DRINKING 6 potions of heal wounds.
  9453 | Lair:1   | 9453 ||| INVOKING Heroism.
  9474 | Lair:1   | Killed a death yak
  9476 | Lair:1   | 9476 ||| INVOKING Heroism.
  9488 | Lair:1   | Killed a death yak
  9493 | Lair:1   | Killed a death yak
  9494 | Lair:1   | Reached skill level 9 in Fighting
  9494 | Lair:1   | 9494 ||| Stepping ~*~*~tactically~*~*~ (hiding).
  9503 | Lair:1   | HP: 16/71 [something/lance of force (18)]
  9523 | Lair:1   | HP: 11/71 [something/lance of force (10)]
  9523 | Lair:1   | HP: 4/71 [something (7)]
  9526 | Lair:1   | Slain by Erica

Levels and vault maps discovered:
D:1:      ncdulo_lavacross, layout_basic
D:2:      layout_rooms, minmay_misc_feat_chi, corexii_hall_statues_i,
          chequers_serial_rivers_marsh, uniq_terence
D:3:      layout_basic, chequers_temple_overflow_statue_of_worship,
          shapermc_ecumenical_altar_flowoftime
D:4:      layout_cave_pools, grunt_temple_overflow_holy_war,
          amcnicky_altar_gilded, kennysheep_small_spiral,
          uniq_crazy_yiuf_cottage
D:5:      layout_basic, tgw_sif, minmay_temple_entry_gardened_gates, uniq_ijyb,
          uniq_edmund
D:6:      layout_basic, worldfamousw_hep_ancestral_shrine, slow_altar_2,
          kennysheep_potato, uniq_duvessa, uniq_sigmund
D:7:      layout_rooms, marbit_many_paths, nicolae_shop_i_like_big_books,
          uniq_prince_ribbit1, uniq_pikel
D:8:      layout_gridville, nicolae_ashenzari_skybound, uniq_maggie
D:9:      layout_loops_ring, mainiacjoe_overflow_chevrons,
          nicolae_qazlal_style_of_elements, david_orc_1_choice,
          nicolae_elemental_shop
D:10:     layout_rooms, mainiacjoe_overflow_paths,
          grunt_lair_entry_orc_guard_hut
Lair:1:   layout_regular_city, serial_bayou_ford_a, uniq_erica

Skill      XL: |  1  2  3  4  5  6  7  8  9 10 11 |
---------------+----------------------------------+-----
Axes           | 2 3 4 5 6 8 10 11 | 11.0
Fighting       | 4 5 6 7 9 |  9.1
Invocations    | 1 3 4 |  4.0
Dodging        | 2 |  2.0
Throwing       | 2 3 |  3.0
Shields        | 8 9 10 | 10.0
Armour         | 7 8 |  8.2

Action                     |  1- 3 |  4- 6 |  7- 9 | 10-12 || total
---------------------------+-------+-------+-------+-------++-------
  Melee: War axe           |    71 |    92 |   184 |   510 ||   857
         Unarmed           |       |     2 |     6 |       ||     8
  Throw: Boomerang         |       |       |    32 |    42 ||    74
         Javelin           |       |       |    13 |    19 ||    32
 Invoke: Heroism           |       |     3 |    16 |    24 ||    43
    Use: Scroll            |     5 |     6 |     3 |     6 ||    20
         Potion            |     2 |     1 |       |     5 ||     8
   Stab: Paralysed         |       |     1 |       |       ||     1
 Armour: Scale mail        |    37 |    14 |       |       ||    51
         Chain mail        |       |    38 |    97 |     2 ||   137
         Plate armour      |       |       |       |   292 ||   292
  Dodge: Dodged            |    35 |    41 |    84 |   139 ||   299
  Block: Buckler           |    12 |    19 |    35 |       ||    66
         Kite shield       |       |       |    23 |   284 ||   307

Table legend:
 A = Non-vault XP
 B = Vault XP
 C = Vault XP percentage of total XP
 D = Non-vault monster count
 E = Vault monster count
 F = Vault count percentage of total count
                 A         B        C        D         E       F
            +---------+---------+-------+---------+---------+-------
      Total |   14255 |    3487 |  19.7 |     197 |      28 |  12.4
            +---------+---------+-------+---------+---------+-------
        D:1 |      21 |       0 |   0.0 |      10 |       0 |   0.0
        D:2 |      59 |      36 |  37.9 |      18 |       1 |   5.3
        D:3 |      26 |       0 |   0.0 |       8 |       0 |   0.0
        D:4 |     230 |       0 |   0.0 |      19 |       0 |   0.0
        D:5 |     611 |     228 |  27.2 |      17 |       3 |  15.0
        D:6 |    1229 |     525 |  29.9 |      24 |       6 |  20.0
        D:7 |    1326 |     966 |  42.1 |      20 |       3 |  13.0
        D:8 |    1122 |     428 |  27.6 |      27 |       1 |   3.6
        D:9 |     719 |     580 |  44.6 |      16 |       8 |  33.3
       D:10 |    3211 |     724 |  18.4 |      20 |       6 |  23.1
     Lair:1 |    5701 |       0 |   0.0 |      18 |       0 |   0.0
            +---------+---------+-------+---------+---------+-------
